 Dungeon Crawl Stone Soup version 0.22.1-1-ga44c0e56f4 (webtiles) character file.

157 Jynx the Changer (level 5, -3/33 HPs)
             Began as an Octopode Transmuter on Oct 24, 2018.
             Slain by a gnoll
             ... wielding a +0 spear
              (5 damage)
             ... on level 3 of the Dungeon.
             The game lasted 00:05:03 (3303 turns).

Jynx the Changer (Octopode Transmuter)              Turns: 3303, Time: 00:05:05

Health: -3/33      AC:  2    Str:  9    XL:     5   Next: 38%
Magic:  7/9        EV: 20    Int: 14    God:
Gold:   148        SH:  0    Dex: 18    Spells: 4/10 levels left

rFire    . . .     SeeInvis +     - Unarmed
rCold    . . .     Gourm    .   (shield currently unavailable)
rNeg     . . .     Faith    .   (helmet currently unavailable)
rPois    x         Spirit   .   (no amulet)
rElec    .         Reflect  .   e - ring of see invisible
rCorr    .         Harm     .   (no ring)
MR       .....                  (no ring)
Stlth    ++........             (no ring)
HPRegen  0.11/turn              (no ring)
MPRegen  0.11/turn              (no ring)
                                (no ring)
                                (no ring)

@: lethally poisoned (-3 -> -8), spider-form (expiring)
A: tiny, almost no armour, stealthy swim, (amphibious), 8 rings, (constrict 8),
dopey 1, MP-powered wands
a: End Transformation


You were on level 3 of the Dungeon.
You were not hungry.
You were a venomous arachnid creature.
You visited 1 branch of the dungeon, and saw 3 of its levels.

You collected 148 gold pieces.

Inventory:

Missiles
 a - 29 arrows
Jewellery
 e - a ring of see invisible (left front leg)
 f - an uncursed ring of flight {unknown}
 k - an uncursed ring of poison resistance {unknown}
 n - an uncursed ring of wizardry {unknown}
Scrolls
 g - a scroll of fear {unknown}
 i - a scroll of amnesia
 j - 2 scrolls of teleportation
 l - a scroll of enchant armour {unknown}
 m - 2 scrolls of identify
Potions
 d - a potion of curing {unknown}
 h - a potion of invisibility {unknown}
Comestibles
 c - 3 rations


   Skills:
 - Level 1.0 Fighting
 - Level 2.0 Dodging
 - Level 3.0 Unarmed Combat
 + Level 3.2 Spellcasting
 * Level 4.5 Transmutations


You had 4 spell levels left.
You knew the following spells:

 Your Spells              Type           Power        Failure   Level  Hunger
a - Beastly Appendage     Tmut           ###...       11%         1    #......
b - Sticks to Snakes      Tmut           ###.....     14%         2    ##.....
c - Spider Form           Tmut/Pois      #.........   45%         3    ###....

Your spell library contained the following spells:

 Spells                   Type           Power        Failure   Level  Hunger
 Ice Form                 Ice/Tmut       #.......     82%         4    #####..
 Blade Hands              Tmut           ###.......   83%         5    ######.


Dungeon Overview and Level Annotations

Branches:
Dungeon (3/15)

Altars:
Wu Jian


Innate Abilities, Weirdness & Mutations

You cannot wear most types of armour.
You are very stealthy in the water. (Stealth+)
((You are amphibious.))
You can wear up to eight rings at the same time.
((You can use your tentacles to constrict eight enemies at once.))
((Your skin changes colour to match your surroundings (Stealth+).))
((Your rubbery body absorbs attacks. (AC +1, EV +1)))
You are dopey. (Int -2)
((Your flesh is heat resistant. (rF+)))
You expend magic power (3 MP) to strengthen your wands.


Message History

The adder is heavily wounded.
You feel sick. The adder closely misses you. The gnoll barely misses you.
You barely miss the adder.
The adder is heavily wounded.
You feel sick. The adder misses you.
The gnoll hits you from afar with a spear!
* * * LOW HITPOINT WARNING * * *
The adder closely misses you.
You hit the adder but do no damage.
The adder is heavily wounded.
You kill the adder!
The gnoll closely misses you.
It was a potion of mutation.
You feel extremely strange.
You feel your magical essence link to your wands.
You feel stupid.
You feel resistant to heat.
Your transformation is almost over.
* * * LOW HITPOINT WARNING * * *
You feel sick.
The gnoll hits you from afar with a spear.
You die...

.##...g..# . ...
.......g.# ..
##..###.## #..# ...
........[. #..# ....
#......##. #..#.....
#.....##.###g.......
#..... #......#.####
#...#####g((...#
#.....s†gg####.#
######.†.#####.## .#
................#
..#
................#.#.
....................
######...###.......#
....##
#.........##.#
.....# #...###.#.#
.# ...... #[..#
#.#...


You could see 3 gnolls.

Vanquished Creatures
  3 gnolls (D:3)
  6 adders
  An ooze (D:3)
  2 worms
  A leopard gecko (D:3)
  4 orcs
  3 giant cockroaches
  7 goblins
  4 hobgoblins
  6 jackals (D:1)
  5 bats
  10 frilled lizards
  8 kobolds
  5 rats
65 creatures vanquished.

Notes
Turn   | Place    | Note
-------+----------+-------------------------------------------
     0 | D:1      | Jynx the Octopode Transmuter began the quest for the Orb.
     0 | D:1      | Reached XP level 1. HP: 13/13 MP: 3/3
   373 | D:1      | Reached XP level 2. HP: 18/18 MP: 3/5
  1049 | D:1      | Reached skill level 3 in Transmutations
  1053 | D:1      | Reached XP level 3. HP: 23/23 MP: 4/6
  1220 | D:1      | Learned a level 2 spell: Sticks to Snakes
  1224 | D:1      | Learned a level 3 spell: Spider Form
  1664 | D:2      | Reached XP level 4. HP: 14/28 MP: 5/8
  1939 | D:2      | Found an ornate altar of the Wu Jian Council.
  2078 | D:2      | HP: 1/28 [poisoned by an adder]
  2832 | D:3      | Reached skill level 4 in Transmutations
  2845 | D:3      | Reached XP level 5. HP: 21/33 MP: 4/9
  3303 | D:3      | Gained mutation: You expend magic power (3 MP) to
                  | strengthen your wands. [potion of mutation]
  3303 | D:3      | Gained mutation: You are dopey. (Int -2) [potion of
                  | mutation]
  3303 | D:3      | Gained mutation: Your flesh is heat resistant. (rF+)
                  | [potion of mutation]
  3303 | D:3      | Slain by a gnoll

Skill      XL: |  1  2  3  4 |
---------------+-------------+-----
Transmutations | 3 4 |  4.5
Spellcasting   | 3 |  3.2
Fighting       | |  1.0
Dodging        | |  2.0
Unarmed Combat | |  3.0

Action                   |  1- 3 |  4- 6 || total
-------------------------+-------+-------++-------
Melee: Unarmed           |    91 |    71 ||   162
       Constrict         |    25 |     9 ||    34
       Kick              |    19 |     4 ||    23
       Tentacles         |     8 |     6 ||    14
       Punch             |     1 |       ||     1
 Cast: Beastly Appendage |    19 |     6 ||    25
       Spider Form       |       |     7 ||     7
  Use: Scroll            |     6 |       ||     6
       Potion            |       |     1 ||     1
 Stab: Sleeping          |     2 |     2 ||     4
  Eat: Chunk             |     3 |     2 ||     5
       Ration            |       |     1 ||     1
Armor: Skin              |     6 |     6 ||    12
Dodge: Dodged            |    44 |    74 ||   118
